TOP OF THE 1ST |
Sarasota Eagles batting - Pitching for Tampa Twisters : RHP Hugh Kemp
|
Pitching: RHP Hugh Kemp
|
|
Batting: SHB Todd Mabe
|
0-0: Ball 1-0: DOUBLE (Groundball, 5L, EV 109.4 MPH)
|
Batting: RHB Gary Appino
|
0-0: Swinging Strike 0-1: Swinging Strike 0-2: Foul Ball, location: 2F 0-2: Strikes out swinging, 2-3 out at first.
|
Batting: RHB Thomas Brassil
|
0-0: Called Strike 0-1: Ball 1-1: Foul Ball, location: 2F 1-2: Ball 2-2: Foul Ball, location: 2F 2-2: Strikes out swinging
|
Batting: SHB Ramon Sambo
|
0-0: Ball 1-0: Ball 2-0: Ball 3-0: Called Strike 3-1: Base on Balls
|
Batting: LHB Dave Martinez
|
0-0: Swinging Strike 0-1: Ball 1-1: Foul Ball, location: 2F 1-2: Ground out 3-1 (Groundball, 34S, EV 85.0 MPH)
|
Top of the 1st over - 0 runs, 1 hit, 0 errors, 2 left on base; Sarasota 0 - Tampa 0 |
BOTTOM OF THE 1ST |
Tampa Twisters batting - Pitching for Sarasota Eagles : LHP Rich Sauveur
|
Pitching: LHP Rich Sauveur
|
|
Batting: RHB Scott Earl
|
0-0: Ball 1-0: Called Strike 1-1: Ball 2-1: Foul Ball, location: 2F 2-2: Ball 3-2: Fly out, F8 (Line Drive, 8RM, EV 97.5 MPH)
|
Batting: RHB Andres Thomas
|
0-0: Ball 1-0: Ball 2-0: Fly out, F9 (Flyball, 89D, EV 88.1 MPH)
|
Batting: RHB Jim Olander
|
0-0: Ball 1-0: Foul Ball, location: 2F 1-1: Ball 2-1: Swinging Strike 2-2: Ball 3-2: Ground out U3 (Groundball, 34, EV 79.4 MPH)
|
Bottom of the 1st over - 0 runs, 0 hits, 0 errors, 0 left on base; Sarasota 0 - Tampa 0 |
TOP OF THE 2ND |
Sarasota Eagles batting - Pitching for Tampa Twisters : RHP Hugh Kemp
|
Batting: LHB John Metasavage
|
0-0: Ball 1-0: Ground out 4-3 (Groundball, 4, EV 88.8 MPH)
|
Batting: RHB Jose Estrada
|
0-0: Foul Ball, location: 2F 0-1: Ball 1-1: Called Strike 1-2: Strikes out swinging
|
Batting: RHB Ramon Henderson
|
0-0: Ball 1-0: Swinging Strike 1-1: Swinging Strike 1-2: Strikes out swinging
|
Top of the 2nd over - 0 runs, 0 hits, 0 errors, 0 left on base; Sarasota 0 - Tampa 0 |
BOTTOM OF THE 2ND |
Tampa Twisters batting - Pitching for Sarasota Eagles : LHP Rich Sauveur
|
Batting: LHB Jose Tolentino
|
0-0: Ball 1-0: Called Strike 1-1: Ball 2-1: Foul Ball, location: 2F 2-2: Ball 3-2: Base on Balls
|
Batting: RHB Basil Tennell
|
0-0: Called Strike 0-1: Ball 1-1: Fly out, F6 (Popup, P, EV 79.4 MPH)
|
Batting: SHB Jack Daugherty
|
0-0: Ball 1-0: SINGLE (Groundball, 6MD, EV 106.9 MPH) Jose Tolentino to second
|
Batting: RHB Dave Klipstein
|
0-0: DOUBLE (Line Drive, 9LD, EV 110.6 MPH) Jose Tolentino scores Jack Daugherty to third Runner from 3rd tries for Home, SAFE, throw by RF to trailing runner, SAFE at third!
|
Batting: LHB Alex Castaneda
|
0-0: Ball 1-0: Called Strike 1-1: Foul Ball, location: 2F 1-2: Ball 2-2: Foul Ball, location: 2F 2-2: Fly out, F7 (Flyball, 7LD, EV 101.9 MPH) Runner from 3rd tags up, SCORES, no throw by LF
|
Batting: RHB Russell Hilgenkamp
|
0-0: Foul Ball, location: 2F 0-1: Ball 1-1: Swinging Strike 1-2: Strikes out swinging
|
Bottom of the 2nd over - 3 runs, 2 hits, 0 errors, 0 left on base; Sarasota 0 - Tampa 3 |
TOP OF THE 3RD |
Sarasota Eagles batting - Pitching for Tampa Twisters : RHP Hugh Kemp
|
Batting: LHB Jesus Mercado
|
0-0: Ball 1-0: Called Strike 1-1: Ball 2-1: Ground out U3 (Groundball, 3L, EV 83.1 MPH)
|
Batting: SHB Todd Mabe
|
0-0: Ball 1-0: Foul Ball, location: 2F 1-1: Called Strike 1-2: Ball 2-2: Ball 3-2: Fly out, F4 (Popup, 34S, EV 71.9 MPH)
|
Batting: RHB Gary Appino
|
0-0: Foul Ball, location: 2F 0-1: Ball 1-1: Ball 2-1: Foul Ball, location: 2F 2-2: Ground out 6-3 (Groundball, 6, EV 104.4 MPH)
|
Top of the 3rd over - 0 runs, 0 hits, 0 errors, 0 left on base; Sarasota 0 - Tampa 3 |
BOTTOM OF THE 3RD |
Tampa Twisters batting - Pitching for Sarasota Eagles : LHP Rich Sauveur
|
Batting: RHB Scott Earl
|
0-0: Ball 1-0: Ball 2-0: Ball 3-0: Called Strike 3-1: Base on Balls
|
Batting: RHB Andres Thomas
|
0-0: Ball 1-0: Ball 2-0: Swinging Strike 2-1: Foul Ball, location: 2F 2-2: Strikes out swinging
|
Batting: RHB Jim Olander
|
0-0: Ball Scott Earl is caught stealing 2nd base 2-4 1-0: Swinging Strike 1-1: Ball 2-1: Foul Ball, location: 2F 2-2: Foul Ball, location: 2F 2-2: Ground out 6-3 (Groundball, 6, EV 81.3 MPH)
|
Bottom of the 3rd over - 0 runs, 0 hits, 0 errors, 0 left on base; Sarasota 0 - Tampa 3 |
TOP OF THE 4TH |
Sarasota Eagles batting - Pitching for Tampa Twisters : RHP Hugh Kemp
|
Batting: RHB Thomas Brassil
|
0-0: Ball 1-0: Fly out, F7 (Flyball, 7LS, EV 92.5 MPH)
|
Batting: SHB Ramon Sambo
|
0-0: Called Strike 0-1: Foul Ball, location: 2F 0-2: Strikes out swinging
|
Batting: LHB Dave Martinez
|
0-0: Foul Ball, location: 2F 0-1: Ball 1-1: Ball 2-1: Foul Ball, location: 2F 2-2: Strikes out swinging
|
Top of the 4th over - 0 runs, 0 hits, 0 errors, 0 left on base; Sarasota 0 - Tampa 3 |
BOTTOM OF THE 4TH |
Tampa Twisters batting - Pitching for Sarasota Eagles : LHP Rich Sauveur
|
Batting: LHB Jose Tolentino
|
0-0: SINGLE (Groundball, 6MS, EV 77.5 MPH) (infield hit)
|
Batting: RHB Basil Tennell
|
0-0: Fly out, F7 (Flyball, 7LS, EV 85.0 MPH)
|
Batting: SHB Jack Daugherty
|
0-0: Foul Ball, location: 2F 0-1: Called Strike 0-2: Ball 1-2: Foul Ball, location: 2F 1-2: Fly out, F1 (Line Drive, P, EV 63.8 MPH)
|
Batting: RHB Dave Klipstein
|
0-0: Ball 1-0: Called Strike 1-1: Ball 2-1: Ground out 4-3 (Groundball, 4S, EV 80.6 MPH)
|
Bottom of the 4th over - 0 runs, 1 hit, 0 errors, 1 left on base; Sarasota 0 - Tampa 3 |
TOP OF THE 5TH |
Sarasota Eagles batting - Pitching for Tampa Twisters : RHP Hugh Kemp
|
Batting: LHB John Metasavage
|
0-0: Called Strike 0-1: Ball 1-1: Foul Ball, location: 2F 1-2: Ball 2-2: Foul Ball, location: 2F 2-2: Ball 3-2: Foul Ball, location: 2F 3-2: Base on Balls
|
Batting: RHB Jose Estrada
|
0-0: Called Strike Pickoff Throw to First - Out! 1-3 0-1: Foul Ball, location: 2F 0-2: Ball 1-2: Ball 2-2: Strikes out looking
|
Batting: RHB Ramon Henderson
|
0-0: Ball 1-0: Foul Ball, location: 2F 1-1: Foul Ball, location: 2F 1-2: Ball 2-2: SINGLE (Groundball, 3D, EV 99.4 MPH)
|
Batting: LHB Jesus Mercado
|
0-0: Ground out 4-3 (Groundball, 4, EV 86.9 MPH)
|
Top of the 5th over - 0 runs, 1 hit, 0 errors, 1 left on base; Sarasota 0 - Tampa 3 |
BOTTOM OF THE 5TH |
Tampa Twisters batting - Pitching for Sarasota Eagles : LHP Rich Sauveur
|
Batting: LHB Alex Castaneda
|
0-0: Reached on error, E5 (Groundball, 5L, EV 81.9 MPH)
|
Batting: RHB Russell Hilgenkamp
|
0-0: Sac Bunt to 5S - play at first, batter OUT! 5-3 Alex Castaneda to second
|
Batting: RHB Scott Earl
|
0-0: Ball 1-0: Ball 2-0: SINGLE (Flyball, 89S, EV 85.0 MPH) Alex Castaneda to third Runner from 3rd tries for Home, SAFE, throw by CF to home
|
Batting: RHB Andres Thomas
|
0-0: Ball 1-0: DOUBLE (Flyball, 89D, EV 89.4 MPH) Scott Earl to third
|
Batting: RHB Jim Olander
|
0-0: Ball 1-0: Ball 2-0: TRIPLE (Line Drive, 89XD, EV 100.0 MPH) Scott Earl scores Andres Thomas scores
|
Pitching: RHP Marco Rivera
|
|
Batting: LHB Jose Tolentino
|
0-0: Foul Ball, location: 2F 0-1: Foul Ball, location: 2F 0-2: Ball Wild Pitch! Jim Olander scores 1-2: Strikes out swinging
|
Batting: RHB Basil Tennell
|
0-0: DOUBLE (Line Drive, 5D, EV 93.8 MPH)
|
Batting: SHB Jack Daugherty
|
0-0: Ball 1-0: Ball 2-0: Ball 3-0: Foul Ball, location: 2F 3-1: Base on Balls
|
Batting: RHB Dave Klipstein
|
0-0: Called Strike 0-1: Foul Ball, location: 2F 0-2: Ball 1-2: Ball 2-2: Strikes out swinging
|
Bottom of the 5th over - 4 runs, 4 hits, 1 error, 2 left on base; Sarasota 0 - Tampa 7 |
TOP OF THE 6TH |
Sarasota Eagles batting - Pitching for Tampa Twisters : RHP Hugh Kemp
|
Batting: SHB Todd Mabe
|
0-0: Called Strike 0-1: Ball 1-1: Foul Ball, location: 2F 1-2: Strikes out swinging, 2-3 out at first.
|
Batting: RHB Gary Appino
|
0-0: Called Strike 0-1: Ball 1-1: Foul Ball, location: 2F 1-2: Strikes out swinging
|
Batting: RHB Thomas Brassil
|
0-0: Foul Ball, location: 2F 0-1: Called Strike 0-2: Strikes out swinging
|
Top of the 6th over - 0 runs, 0 hits, 0 errors, 0 left on base; Sarasota 0 - Tampa 7 |
BOTTOM OF THE 6TH |
Tampa Twisters batting - Pitching for Sarasota Eagles : RHP Marco Rivera
|
Batting: LHB Alex Castaneda
|
0-0: Fly out, F8 (Flyball, 8RS, EV 85.6 MPH)
|
Batting: RHB Russell Hilgenkamp
|
0-0: Ball 1-0: Fly out, F8 (Flyball, 8RXD, EV 94.4 MPH)
|
Batting: RHB Scott Earl
|
0-0: Ball 1-0: Ball 2-0: Ball 3-0: Base on Balls
|
Batting: RHB Andres Thomas
|
0-0: Called Strike 0-1: Ball 1-1: SINGLE (Line Drive, 34D, EV 96.9 MPH) Scott Earl to second
|
Batting: RHB Jim Olander
|
0-0: Called Strike 0-1: Fly out, F3 (Line Drive, 3, EV 71.9 MPH)
|
Bottom of the 6th over - 0 runs, 1 hit, 0 errors, 2 left on base; Sarasota 0 - Tampa 7 |
TOP OF THE 7TH |
Sarasota Eagles batting - Pitching for Tampa Twisters : RHP Hugh Kemp
|
Pinch Hitting: RHB Javy Salinas
|
0-0: Called Strike 0-1: Foul Ball, location: 2F 0-2: Ball 1-2: Ground out 5-3 (Groundball, 56S, EV 69.4 MPH)
|
Pinch Hitting: RHB Cesar Lora
|
0-0: Called Strike 0-1: Foul Ball, location: 2F 0-2: Ball 1-2: Ball 2-2: Ball 3-2: Strikes out swinging
|
Batting: LHB John Metasavage
|
0-0: Swinging Strike 0-1: Ball 1-1: Foul Ball, location: 2F 1-2: Strikes out looking
|
Top of the 7th over - 0 runs, 0 hits, 0 errors, 0 left on base; Sarasota 0 - Tampa 7 |
BOTTOM OF THE 7TH |
Tampa Twisters batting - Pitching for Sarasota Eagles : RHP Marco Rivera
|
Now at 2B: Ramon Ozoria
|
|
Now in LF: Cesar Lora
|
|
Batting: LHB Jose Tolentino
|
0-0: Ball 1-0: Foul Ball, location: 2F 1-1: Ball 2-1: Foul Ball, location: 2F 2-2: SINGLE (Flyball, 6D, EV 92.5 MPH)
|
Batting: RHB Basil Tennell
|
0-0: Ball 1-0: Called Strike 1-1: Ball 2-1: SINGLE (Line Drive, 6D, EV 93.8 MPH) Jose Tolentino to second
|
Batting: SHB Jack Daugherty
|
0-0: Ball 1-0: Ball 2-0: Called Strike 2-1: Swinging Strike 2-2: Strikes out looking
|
Pinch Hitting: LHB Mark Schulte
|
0-0: Ball 1-0: Ball 2-0: Foul Ball, location: 2F 2-1: Foul Ball, location: 2F 2-2: Fly out, F5 (Flyball, 5D, EV 76.9 MPH)
|
Batting: LHB Alex Castaneda
|
0-0: Ball 1-0: Ball 2-0: Called Strike 2-1: Swinging Strike 2-2: Ball 3-2: Base on Balls Jose Tolentino to third Basil Tennell to second
|
Batting: RHB Russell Hilgenkamp
|
0-0: Fielders Choice at 2nd, 6-4 (Groundball, 6, EV 78.8 MPH)
|
Bottom of the 7th over - 0 runs, 2 hits, 0 errors, 3 left on base; Sarasota 0 - Tampa 7 |
TOP OF THE 8TH |
Sarasota Eagles batting - Pitching for Tampa Twisters : RHP Hugh Kemp
|
Pitching: RHP Marty Clary
|
|
Now in CF: Mark Schulte
|
|
Pinch Hitting: LHB Ray Martinez
|
0-0: Ball 1-0: Foul Ball, location: 2F 1-1: Foul Ball, location: 2F 1-2: Strikes out swinging
|
Batting: RHB Ramon Henderson
|
0-0: Foul Ball, location: 2F 0-1: Swinging Strike 0-2: Ball 1-2: Strikes out looking
|
Batting: LHB Jesus Mercado
|
0-0: Ball 1-0: Ball 2-0: Swinging Strike 2-1: Ball 3-1: Foul Ball, location: 2F 3-2: Base on Balls
|
Batting: SHB Todd Mabe
|
0-0: Called Strike 0-1: Ball 1-1: Swinging Strike 1-2: Ball 2-2: Ball 3-2: Foul Ball, location: 2F 3-2: Ground out 4-3 (Groundball, 4M, EV 96.3 MPH)
|
Top of the 8th over - 0 runs, 0 hits, 0 errors, 1 left on base; Sarasota 0 - Tampa 7 |
BOTTOM OF THE 8TH |
Tampa Twisters batting - Pitching for Sarasota Eagles : RHP Marco Rivera
|
Now at 1B: Ray Martinez
|
|
Batting: RHB Scott Earl
|
0-0: Ball 1-0: Fly out, F8 (Line Drive, 8RD, EV 90.0 MPH)
|
Batting: RHB Andres Thomas
|
0-0: Ball 1-0: Ground out 5-3 (Groundball, 56S, EV 72.5 MPH)
|
Pinch Hitting: RHB Dave Oliva
|
0-0: Ball 1-0: Fly out, F8 (Flyball, 8LM, EV 93.1 MPH)
|
Bottom of the 8th over - 0 runs, 0 hits, 0 errors, 0 left on base; Sarasota 0 - Tampa 7 |
TOP OF THE 9TH |
Sarasota Eagles batting - Pitching for Tampa Twisters : RHP Marty Clary
|
Now in LF: Nick Mejia
|
|
Pinch Hitting: RHB Timothy Hill
|
0-0: Ball 1-0: Ball 2-0: SOLO HOME RUN (Flyball, 8RXD, EV 91.9 MPH), Distance : 439 ft
|
Batting: RHB Thomas Brassil
|
0-0: Foul Ball, location: 2F 0-1: Ball 1-1: Ball 2-1: Ball 3-1: Foul Ball, location: 2F 3-2: Foul Ball, location: 2F 3-2: Base on Balls
|
Batting: RHB Ramon Ozoria
|
0-0: Called Strike 0-1: Ball 1-1: Called Strike 1-2: Fielders Choice at 2nd, 6-4 (Groundball, 6, EV 81.9 MPH)
|
Batting: RHB Cesar Lora
|
0-0: Ball 1-0: Ball Passed Ball! Ramon Ozoria to second 2-0: Ball 3-0: Called Strike 3-1: Foul Ball, location: 2F 3-2: Base on Balls
|
Batting: LHB John Metasavage
|
0-0: Swinging Strike 0-1: Foul Ball, location: 2F 0-2: Grounds into double play, 5-4-3 (Groundball, 5, EV 76.9 MPH)
|
Top of the 9th over - 1 run, 1 hit, 0 errors, 1 left on base; Sarasota 1 - Tampa 7 |
|